PA
WALLA WALLA WALLEYE @ COLUMBIA RIVER RATS
07/29/2024
 
TOP OF THE 1ST
Walla Walla Walleye batting - Pitching for Columbia River Rats : LHP Jim Unknown
Pitching: LHP Jim Unknown
Batting: SHB Lowell Moon 0-0: Ball
1-0: Ball
2-0: Ball
3-0: Base on Balls
Batting: RHB Joe Dundee 0-0: Ball
1-0: Grounds into double play, 5-4-3 (Groundball, 5L)
Batting: RHB Lytle Creek 0-0: Ball
1-0: Ball
2-0: Ball
3-0: Called Strike
3-1: Foul Ball, location: 2F
3-2: Foul Ball, location: 2F
3-2: Base on Balls
Batting: RHB Ieyoshi Yamamoto 0-0: Fly out, F7 (Flyball, 7D)
Top of the 1st over - 0 run(s), 0 hit(s), 0 error(s), 1 left on base; Walla Walla 0 - Columbia 0
BOTTOM OF THE 1ST
Columbia River Rats batting - Pitching for Walla Walla Walleye : LHP Reid Garrett
Pitching: LHP Reid Garrett
Batting: RHB Moisés Quintana 0-0: Called Strike
0-1: Ball
1-1: Ball
2-1: Ball
3-1: Base on Balls
Batting: RHB Matilde Rodeia 0-0: Foul Ball, location: 2F
0-1: Foul Ball, location: 2F
0-2: Grounds into double play, 6-4-3 (Groundball, 6)
Batting: RHB Ed Lastinger 0-0: Ball
1-0: Ball
2-0: Called Strike
2-1: SINGLE (Groundball, 5)
Batting: RHB Lorenzo Rosas 0-0: SINGLE (Groundball, 56)
Ed Lastinger to second
Batting: RHB Miguel Delgado 0-0: Ball
1-0: Called Strike
1-1: Foul Ball, location: 2F
1-2: Ball
2-2: Foul Ball, location: 2F
2-2: SINGLE (Line Drive, 34)
Ed Lastinger to third
Lorenzo Rosas to second
Throwing error, E9
Ed Lastinger scores
Lorenzo Rosas to third
Miguel Delgado to second
Batting: RHB Héctor Gallegos 0-0: Fly out, F3 (Popup, 23F)
Bottom of the 1st over - 1 run(s), 3 hit(s), 1 error(s), 2 left on base; Walla Walla 0 - Columbia 1
TOP OF THE 2ND
Walla Walla Walleye batting - Pitching for Columbia River Rats : LHP Jim Unknown
Batting: RHB Alex Rucker 0-0: Swinging Strike
0-1: Ball
1-1: Called Strike
1-2: Strikes out swinging
Batting: LHB Aloísio Marreiros 0-0: Foul Ball, location: 2F
0-1: Ball
1-1: Ball
2-1: Fly out, F7 (Popup, 7S)
Batting: RHB Tom Milligan 0-0: Foul Ball, location: 2F
0-1: Swinging Strike
0-2: Ball
1-2: Strikes out looking
Top of the 2nd over - 0 run(s), 0 hit(s), 0 error(s), 0 left on base; Walla Walla 0 - Columbia 1
BOTTOM OF THE 2ND
Columbia River Rats batting - Pitching for Walla Walla Walleye : LHP Reid Garrett
Batting: RHB Miguel Montoya 0-0: Ball
1-0: Fly out, F7 (Flyball, 78D)
Batting: RHB Owen Cannon 0-0: Called Strike
0-1: Ball
1-1: Ball
2-1: Ball
3-1: SINGLE (Line Drive, 7S)
Batting: SHB Alejandro Castillo 0-0: Ball
1-0: Foul Ball, location: 2F
1-1: Fly out, F7 (Flyball, 78M)
Batting: RHB Moisés Quintana 0-0: Ball
1-0: Called Strike
1-1: Ball
2-1: Ground out 5-3 (Groundball, 5S)
Bottom of the 2nd over - 0 run(s), 1 hit(s), 0 error(s), 1 left on base; Walla Walla 0 - Columbia 1
TOP OF THE 3RD
Walla Walla Walleye batting - Pitching for Columbia River Rats : LHP Jim Unknown
Batting: RHB Juan Martínez 0-0: Ball
1-0: Foul Ball, location: 2F
1-1: Ball
2-1: Ground out 6-3 (Groundball, 6M)
Batting: RHB Carlos Perea 0-0: Fly out, F9 (Flyball, 89M)
Batting: SHB Lowell Moon 0-0: Bunted foul
0-1: Ball
1-1: Fly out, F8 (Flyball, 8LM)
Top of the 3rd over - 0 run(s), 0 hit(s), 0 error(s), 0 left on base; Walla Walla 0 - Columbia 1
BOTTOM OF THE 3RD
Columbia River Rats batting - Pitching for Walla Walla Walleye : LHP Reid Garrett
Batting: RHB Matilde Rodeia 0-0: Ball
1-0: Swinging Strike
1-1: Hit by Pitch
Batting: RHB Ed Lastinger 0-0: Ball
1-0: Fly out, F7 (Line Drive, 7M)
Batting: RHB Lorenzo Rosas 0-0: Ball
1-0: Ball
Wild Pitch!
Matilde Rodeia to second
2-0: Called Strike
2-1: Ball
3-1: Base on Balls
Batting: RHB Miguel Delgado 0-0: Called Strike
0-1: Ball
1-1: Fly out, F7 (Flyball, 78M)
Batting: RHB Héctor Gallegos 0-0: Fly out, F9 (Flyball, 89M)
Bottom of the 3rd over - 0 run(s), 0 hit(s), 0 error(s), 2 left on base; Walla Walla 0 - Columbia 1
TOP OF THE 4TH
Walla Walla Walleye batting - Pitching for Columbia River Rats : LHP Jim Unknown
Batting: RHB Joe Dundee 0-0: SINGLE (Line Drive, 6)
Batting: RHB Lytle Creek 0-0: Ball
1-0: Swinging Strike
1-1: Ball
2-1: Ball
3-1: Grounds into double play, 6-4-3 (Groundball, 6M)
Batting: RHB Ieyoshi Yamamoto 0-0: Ball
1-0: Ball
2-0: Ball
3-0: Called Strike
3-1: Called Strike
3-2: Fly out, F9 (Flyball, 89S)
Top of the 4th over - 0 run(s), 1 hit(s), 0 error(s), 0 left on base; Walla Walla 0 - Columbia 1
BOTTOM OF THE 4TH
Columbia River Rats batting - Pitching for Walla Walla Walleye : LHP Reid Garrett
Batting: RHB Miguel Montoya 0-0: Called Strike
0-1: Foul Ball, location: 2F
0-2: Fly out, F8 (Flyball, 8LS)
Batting: RHB Owen Cannon 0-0: Fly out, F9 (Flyball, 9LM)
Batting: SHB Alejandro Castillo 0-0: Fly out, F4 (Line Drive, 4)
Bottom of the 4th over - 0 run(s), 0 hit(s), 0 error(s), 0 left on base; Walla Walla 0 - Columbia 1
TOP OF THE 5TH
Walla Walla Walleye batting - Pitching for Columbia River Rats : LHP Jim Unknown
Batting: RHB Alex Rucker 0-0: Called Strike
0-1: Ball
1-1: Ball
2-1: Ball
3-1: Swinging Strike
3-2: Foul Ball, location: 2F
3-2: Fly out, F6 (Line Drive, 6)
Batting: LHB Aloísio Marreiros 0-0: Ball
1-0: Ball
2-0: Ball
3-0: Called Strike
3-1: Called Strike
3-2: Foul Ball, location: 2F
3-2: Base on Balls
Batting: RHB Tom Milligan 0-0: Ball
1-0: Fielders Choice at 2nd, 1-6 (Groundball, 15S)
Batting: RHB Juan Martínez 0-0: Called Strike
0-1: Ball
1-1: Called Strike
1-2: Foul Ball, location: 2F
1-2: Strikes out swinging
Top of the 5th over - 0 run(s), 0 hit(s), 0 error(s), 1 left on base; Walla Walla 0 - Columbia 1
BOTTOM OF THE 5TH
Columbia River Rats batting - Pitching for Walla Walla Walleye : LHP Reid Garrett
Batting: RHB Moisés Quintana 0-0: SINGLE (Groundball, 2L) (infield hit)
Batting: RHB Matilde Rodeia 0-0: Bunted foul
0-1: Sac Bunt - play at first, batter OUT! 1-4
Moisés Quintana to second
Batting: RHB Ed Lastinger 0-0: Ball
1-0: Foul Ball, location: 2F
1-1: Called Strike
1-2: Ball
2-2: Strikes out swinging
Batting: RHB Lorenzo Rosas 0-0: Foul Ball, location: 2F
0-1: Called Strike
0-2: Ball
1-2: Foul Ball, location: 2F
1-2: Ball
2-2: Foul Ball, location: 2F
2-2: Ball
3-2: Fly out, F5 (Line Drive, 56)
Bottom of the 5th over - 0 run(s), 1 hit(s), 0 error(s), 1 left on base; Walla Walla 0 - Columbia 1
TOP OF THE 6TH
Walla Walla Walleye batting - Pitching for Columbia River Rats : LHP Jim Unknown
Batting: RHB Carlos Perea 0-0: Called Strike
0-1: Swinging Strike
0-2: Strikes out swinging
Batting: SHB Lowell Moon 0-0: Called Strike
0-1: Ball
1-1: Ball
2-1: Foul Ball, location: 2F
2-2: Ball
3-2: Ground out 4-3 (Groundball, 4)
Batting: RHB Joe Dundee 0-0: Swinging Strike
0-1: Called Strike
0-2: Foul Ball, location: 2F
0-2: Ball
1-2: Strikes out swinging
Top of the 6th over - 0 run(s), 0 hit(s), 0 error(s), 0 left on base; Walla Walla 0 - Columbia 1
BOTTOM OF THE 6TH
Columbia River Rats batting - Pitching for Walla Walla Walleye : LHP Reid Garrett
Batting: RHB Miguel Delgado 0-0: Called Strike
0-1: Ball
1-1: Ball
2-1: Ball
3-1: DOUBLE (Line Drive, 78M)
Batting: RHB Héctor Gallegos 0-0: Called Strike
0-1: Foul Ball, location: 2F
0-2: Ball
1-2: Ground out 6-3 (Groundball, 6)
Batting: RHB Miguel Montoya 0-0: Intentional Walk
Batting: RHB Owen Cannon 0-0: Ball
1-0: Grounds into double play, 6-4-3 (Groundball, 6M)
Bottom of the 6th over - 0 run(s), 1 hit(s), 0 error(s), 1 left on base; Walla Walla 0 - Columbia 1
TOP OF THE 7TH
Walla Walla Walleye batting - Pitching for Columbia River Rats : LHP Jim Unknown
Batting: RHB Lytle Creek 0-0: Ground out 5-3 (Groundball, 5)
Batting: RHB Ieyoshi Yamamoto 0-0: Ball
1-0: Foul Ball, location: 2F
1-1: Called Strike
1-2: Ball
2-2: Ball
3-2: Ground out 6-3 (Groundball, 6MD)
Batting: RHB Alex Rucker 0-0: Ball
1-0: Foul Ball, location: 2F
1-1: Foul Ball, location: 2F
1-2: Ball
2-2: Foul Ball, location: 2F
2-2: Foul Ball, location: 2F
2-2: SINGLE (Groundball, 6D)
Batting: LHB Aloísio Marreiros 0-0: Ball
Alex Rucker is caught stealing 2nd base
Top of the 7th over - 0 run(s), 1 hit(s), 0 error(s), 0 left on base; Walla Walla 0 - Columbia 1
BOTTOM OF THE 7TH
Columbia River Rats batting - Pitching for Walla Walla Walleye : LHP Reid Garrett
Batting: SHB Alejandro Castillo 0-0: Foul Ball, location: 2F
0-1: Ball
1-1: Ball
2-1: Fly out, F8 (Line Drive, 8RM)
Batting: RHB Moisés Quintana 0-0: Ground out 6-3 (Groundball, 6)
Batting: RHB Matilde Rodeia 0-0: Called Strike
0-1: Ball
1-1: Swinging Strike
1-2: Ball
2-2: Ground out 1-3 (Groundball, 25)
Bottom of the 7th over - 0 run(s), 0 hit(s), 0 error(s), 0 left on base; Walla Walla 0 - Columbia 1
TOP OF THE 8TH
Walla Walla Walleye batting - Pitching for Columbia River Rats : LHP Jim Unknown
Now in RF: Carlos Rodríguez
Batting: LHB Aloísio Marreiros 0-0: Ball
1-0: Swinging Strike
1-1: Ball
2-1: Ground out 3-1 (Groundball, 34)
Batting: RHB Tom Milligan 0-0: Foul Ball, location: 2F
0-1: Foul Ball, location: 2F
0-2: Strikes out looking
Batting: RHB Juan Martínez 0-0: Called Strike
0-1: Ball
1-1: Ball
2-1: Foul Ball, location: 2F
2-2: Ground out 5-3 (Groundball, 56)
Top of the 8th over - 0 run(s), 0 hit(s), 0 error(s), 0 left on base; Walla Walla 0 - Columbia 1
BOTTOM OF THE 8TH
Columbia River Rats batting - Pitching for Walla Walla Walleye : LHP Reid Garrett
Batting: RHB Ed Lastinger 0-0: Ball
1-0: Ball
2-0: Foul Ball, location: 2F
2-1: Swinging Strike
2-2: Ball
3-2: Foul Ball, location: 2F
3-2: Strikes out swinging
Pitching: RHP Jim Unknown
Batting: RHB Lorenzo Rosas 0-0: Ball
1-0: Called Strike
1-1: Ball
2-1: Fly out, F7 (Flyball, 56D)
Batting: RHB Miguel Delgado 0-0: Called Strike
0-1: Foul Ball, location: 2F
0-2: Ball
1-2: Foul Ball, location: 2F
1-2: Strikes out swinging
Bottom of the 8th over - 0 run(s), 0 hit(s), 0 error(s), 0 left on base; Walla Walla 0 - Columbia 1
TOP OF THE 9TH
Walla Walla Walleye batting - Pitching for Columbia River Rats : LHP Jim Unknown
Pitching: RHP Jim Unknown
Pinch Hitting: LHB Francisco Santos 0-0: Ball
1-0: Called Strike
1-1: Ball
2-1: SINGLE (Groundball, 34D)
Batting: SHB Lowell Moon 0-0: Sac Bunt - play at first, batter safe!
Francisco Santos to second
Pinch Hitting: LHB Daniel García 0-0: Bunt missed!
0-1: Sac Bunt - play at first, batter OUT! 4-3
Francisco Santos to third
Lowell Moon to second
Batting: RHB Lytle Creek 0-0: Called Strike
0-1: Ball
1-1: Called Strike
1-2: Ball
2-2: Foul Ball, location: 2F
2-2: Foul Ball, location: 2F
2-2: Strikes out swinging
Batting: RHB Ieyoshi Yamamoto 0-0: Ball
1-0: Ball
2-0: Foul Ball, location: 2F
2-1: Foul Ball, location: 2F
2-2: Foul Ball, location: 2F
2-2: Strikes out swinging
Top of the 9th over - 0 run(s), 2 hit(s), 0 error(s), 2 left on base; Walla Walla 0 - Columbia 1
This league is powered by Out of the Park Baseball, the baseball management simulation game for PC, Mac and Linux
Monday, October 3rd, 2016 - OOTP Baseball 16.9 Build 39